 Dungeon Crawl Stone Soup version 0.30-a0-509-gd016549fea (webtiles) character file.

Game seed: 9274861371457058252

3545 kae the Destroyer (level 10, -2/50 HPs)
             Began as a Tengu Fire Elementalist on Dec 22, 2022.
             Was a Follower of Vehumet.
             Slain by a hornet (15 damage)
             ... on level 9 of the Dungeon.
             The game lasted 00:12:06 (10430 turns).

kae the Destroyer (Tengu Fire Elementalist)        Turns: 10430, Time: 00:12:06

Health: -2/50      AC:  4    Str:  8    XL:     10   Next: 9%
Magic:  11/20      EV: 14    Int: 20    God:    Vehumet [*.....]
Gold:   659        SH:  0    Dex: 15    Spells: 8/21 levels left

rFire   . . .      SeeInvis .    u - staff of conjuration {!a}
rCold   . . .      Faith    .    (no shield)
rNeg    . . .      Spirit   .    a - +0 robe
rPois   +          Reflect  .    (helmet restricted)
rElec   .          Harm     .    h - +1 cloak
rCorr   .          Rampage  .    (no gloves)
Will    +....                    (boots unavailable)
Stlth   ++........               (no amulet)
HPRegen 0.28/turn                i - ring of willpower
MPRegen 0.17/turn                P - ring of poison resistance

@: lethally poisoned (-2 -> -5), flying quickly and evasively, slowed, very slow
A: beak, talons 3, nimble flight
a: Renounce Religion


You were on level 9 of the Dungeon.
You worshipped Vehumet.
Vehumet was aware of your devotion.
You visited 2 branches of the dungeon, and saw 10 of its levels.
You also visited: Sewer and Ossuary.

You collected 685 gold pieces.
You spent 26 gold pieces at shops.


Innate Abilities, Weirdness & Mutations

You have a beak for a mouth.
You have claws for feet.
Your magical nature lets you fly swiftly and evasively.


   Skills:
 - Level 2.1 Dodging
 - Level 2.0 Stealth
 + Level 6.1 Spellcasting
 * Level 11.6 Conjurations
 * Level 10.3 Fire Magic


You had 8 spell levels left.
You knew the following spells:

 Your Spells              Type           Power      Damage    Failure   Level
a - Foxfire               Conj/Fire      100%       2x1d9     1%          1
b - Scorch                Fire           94%        2d9       1%          2
c - Inner Flame           Hex/Fire       26%        N/A       3%          3
d - Flame Wave            Conj/Fire      66%        2d15      1%          4
e - Kindle Blastsparks    Fire/Tloc/Air  38%        2d13      8%          3

Your spell library contained the following spells:

 Spells                   Type           Power      Damage    Failure   Level
 Sandblast                Erth           12%        2d6       11%         1
 Magic Dart               Conj           100%       1d8       1%          1
 Searing Ray              Conj           100%       2d8       1%          2
 Fulminant Prism          Conj/Hex       22%        3d12      10%         4
 Apportation              Tloc           12%        N/A       11%         1
 Ensorcelled Hibernation  Hex/Ice        12%        N/A       16%         2
 Passwall                 Tmut/Erth      5%         N/A       16%         2
 Spider Form              Tmut/Pois      6%         N/A       30%         3
 Swiftness                Air            6%         N/A       30%         3
 Anguish                  Hex/Necr       3%         N/A       71%         4
 Animate Armour           Summ/Erth      12%        N/A       71%         4
 Cause Fear               Hex            3%         N/A       71%         4
 Iron Shot                Conj/Erth      22%        9d5       82%         6
 Alistair's Intoxication  Tmut/Pois      4%         N/A       96%         5
 Blade Hands              Tmut           3%         N/A       96%         5
 Dragon Form              Tmut           3%         N/A       100%        7
 Dragon's Call            Summ           3%         N/A       100%        9

Inventory:

Hand Weapons
 p - a +0 dagger of electrocution
   (You took it off an orc wizard on level 3 of the Dungeon)
Missiles
 k - 30 poisoned darts
 t - 2 curare-tipped darts {=f}
 w - 2 datura-tipped darts
 z - 12 boomerangs of dispersal {=f!f}
 B - 6 boomerangs
 C - 150 stones
Armour
 a - a +0 robe (worn)
 h - a +1 cloak (worn)
   (You found it on level 1 of the Dungeon)
Magical Staves
 u - a staff of conjuration (weapon) {!a}
   (You took it off a gnoll on level 4 of the Dungeon)
Jewellery
 c - a ring of ice
   (You found it on level 8 of the Dungeon)
 i - a ring of willpower (left hand)
   (You found it on level 1 of the Dungeon)
 P - a ring of poison resistance (right hand)
   (You found it on level 4 of the Dungeon)
Wands
 j - a wand of paralysis (11)
   (You found it on level 2 of the Dungeon)
 m - a wand of flame (19)
   (You took it off Jessica on level 3 of the Dungeon)
 q - a wand of polymorph (15)
   (You took it off Grinder on level 3 of the Dungeon)
 r - a wand of roots (8)
   (You took it off an orc wizard on level 6 of the Dungeon)
Scrolls
 d - a scroll of fog
 v - 2 scrolls of enchant armour
 x - a scroll of teleportation {@r4}
 y - a scroll of magic mapping {!r}
 A - 4 scrolls of identify {@r1}
 D - a scroll of blinking {!r}
Potions
 b - 5 potions of magic
 e - a potion of resistance
 f - 4 potions of lignification {!q}
 g - 3 potions of degeneration {!q}
 l - 4 potions of might
 n - 8 potions of curing {@q1}
 o - a potion of invisibility
 s - 3 potions of haste {@q3}
 E - a potion of heal wounds {@q2}

Dungeon Overview and Level Annotations

Branches:
Dungeon (9/15) Zot: 26959  Temple (1/1) D:6 Zot: 5915    Lair (0/5) D:9
  Sewer (visited)         Ossuary (visited)
    Orc: D:9-12

Altars:
Ashenzari
Cheibriados
Dithmenos
Elyvilon
Fedhas
Gozag
Hepliaklqana
Kikubaaqudgha
Nemelex Xobeh
Okawaru
Qazlal
Ru
Sif Muna
Trog
Uskayaw
Vehumet
Wu Jian
Xom
Yredelemnul
Zin
The Shining One

Shops:
D:1

[(** .# # .# #.
..##. #...
#####.....
#..!####......#
#....@........#
#.....y.........###
#.##........#......
##............>..
............#..##
............#....#
......<......#.#..>
..........[....# ##
#.#.........###


You could see a hornet (combustible).


Message History

A wave of flame ripples out!
You finish channelling waves of flame.
You feel sick. 😮 HP[-1] MP[-1]
You take 1 damage, and now have 37/50 hp.
You lost 1 mp, and now have 10/20 mp.
You feel sick.
You are no longer poisoned.
You reach down and open the door.
There is an open door here.
B - 6 boomerangs You reach down and open the door.
There is an open door here.
There is an open door here.
Key pressed, stopping explore.
There is an open door here.
There is an open door here.
Partly explored, can't reach some items and places. 😎 HP[+13] MP[+10]
Your hp is fully restored (50).
Your mp is fully restored (20).
Partly explored, can't reach some items and places.
Partly explored, can't reach some items and places.
Partly explored, can't reach some items and places.
Partly explored, can't reach some items and places.
c - a ring of ice;
C - 141 stones You now have 640 gold pieces (gained 12).
D - a scroll of blinking {!r}
C - 148 stones (gained 7) Done exploring.
Done exploring.
Done exploring.
Done exploring.
Okay, then.
Okay, then.
(D) Dungeon (T) Temple
Where to? (Enter - D:7 @ (x,y), ? - help)
There is a stone staircase leading up here.
There is a stone staircase leading down here.
You fly downwards.
There is a stone staircase leading up here.
Okay, then.
Found an escape hatch in the ceiling.
You now have 650 gold pieces (gained 10).
Found a stone staircase leading down.
C - 150 stones (gained 2)
You now have 659 gold pieces (gained 9).
Found a staircase to the Lair.
E - a potion of heal wounds {@q2} A hornet comes into view.
A hornet is nearby!
A hornet is nearby!
A hornet is nearby!
A hornet is nearby!
Casting: Flame Wave (dangerous; 1% risk of failure)
Confirm with . or Enter, or press ? or * to list all spells.
Aiming: Inner Flame (dangerous; 3% risk of failure)
Press: ? - help, Dir - move target, f - hornet
Aim: a hornet (wandering, hasn't noticed you, chance to affect: 74%)
The hornet buzzes angrily.
The hornet struggles to resist. 😎 MP[-3]
You lost 3 mp, and now have 17/20 mp.
Casting: Inner Flame (dangerous; 3% risk of failure)
Confirm with . or Enter, or press ? or * to list all spells.
You feel a surge of power!
You conjure some foxfire!
The foxfire hits the hornet.
The foxfire hits the hornet but does no damage. 😎 MP[-1]
You lost 1 mp, and now have 16/20 mp.
Casting: Foxfire (safe; 1% risk of failure)
Confirm with . or Enter, or press ? or * to list all spells.
Flames lash the hornet.
The hornet's fire resistance burns away.
The hornet misses you. The hornet stings you.
You are poisoned.
You feel sick. The hornet stings you!
You feel yourself slow down. 😮 HP[-17] MP[-2]
You take 17 damage, and now have 33/50 hp.
MASSIVE DAMAGE!! (PAUSE)
You lost 2 mp, and now have 14/20 mp.
Casting: Scorch (safe; 1% risk of failure)
Confirm with . or Enter, or press ? or * to list all spells.
Casting: Flame Wave (dangerous; 1% risk of failure)
Press: ? - help, Dir - look around, f - activate You feel a surge of power!
A wave of flame ripples out!
The flame wave engulfs the hornet!
The hornet is burned terribly! (Press . to intensify the flame waves.)
You feel yourself speed up.
You feel very sick. The hornet barely misses you. The hornet stings you.
You suddenly lose the ability to move!
The hornet stings you!
* * * LOW HITPOINT WARNING * * *
You feel yourself slow down.
You can move again. 😨 HP[-20] MP[-3]
You take 20 damage, and now have 13/50 hp.
MASSIVE DAMAGE!! (PAUSE)
You lost 3 mp, and now have 11/20 mp.
You feel sick. The hornet stings you!
You die...

Skill      XL: |  1  2  3  4  5  6  7  8  9 10 |
---------------+-------------------------------+-----
Conjurations   | 2 3 4 5 7 9 11 | 11.6
Fire Magic     | 4 5 6 8 10 | 10.3
Spellcasting   | 3 4 5 6 |  6.1
Dodging        | |  2.1
Stealth        | |  2.0

Action                   |  1- 3 |  4- 6 |  7- 9 | 10-12 || total
-------------------------+-------+-------+-------+-------++-------
Melee: Dagger            |       |     2 |    38 |       ||    40
       Kick              |       |     2 |    16 |       ||    18
       Peck              |       |       |     7 |       ||     7
       Punch             |       |       |     2 |       ||     2
 Cast: Foxfire           |    70 |    54 |   267 |     7 ||   398
       Scorch            |     8 |    10 |   121 |     2 ||   141
       Inner Flame       |       |     1 |       |     1 ||     2
       Flame Wave        |       |       |     1 |     2 ||     3
  Use: Scroll            |     7 |     1 |    13 |       ||    21
       Potion            |       |       |     5 |       ||     5
Armor: Robe              |     4 |     3 |    41 |     1 ||    49
Dodge: Dodged            |    11 |     8 |   152 |     5 ||   176

Levels and vault maps discovered:
D:1:      minmay_arrival_widening_spiral_wide, layout_basic, serial_shops,
          nicolae_shop_statue_plus, nicolae_shop_hallway_stairs, shop_statue,
          shop, basic_ecumenical_altar, minmay_tripent
D:2:      layout_basic
D:3:      layout_loops_ring, jmf_multi_god_temple, uniq_grinder, uniq_jessica
D:4:      minmay_razor_zed, layout_rooms, kennysheep_generic_room_15, uniq_pargi
D:5:      layout_loops_ring, gup_sewer_entry_bubbles
D:6:      layout_loops_ring, temple_doors_e, enter_ossuary_4,
          minmay_unpleasant_kobolds
D:7:      layout_cave_pools, nicolae_wu_jian_wuxing_cycle,
          nzn_hepliaklqana_mist_gate, grunt_temple_overflow_octagram,
          cheibriados_altar_1
D:8:      layout_gridville, nicolae_qazlal_general_emergency
D:9:      layout_rooms, mainiacjoe_overflow_alcove_2, lair_entry_dummy
Temple:   nicolae_temple_colour_theory

Notes
Turn   | Place    | Note
-------+----------+-------------------------------------------
     0 | D:1      | kae the Tengu Fire Elementalist began the quest for the
                  | Orb.
     0 | D:1      | Reached XP level 1. HP: 10/10 MP: 4/4
     0 | D:1      | magus.rc [v1.11.3]
    69 | D:1      | Found Xaprok's Antique Weapon Shoppe.
   256 | D:1      | Reached skill level 2 in Conjurations
   256 | D:1      | Reached XP level 2. HP: 15/15 MP: 3/6
   405 | D:1      | Found Uhyutt's General Store.
   594 | D:1      | Learned a level 2 spell: Scorch
   758 | D:1      | Found a faded altar of an unknown god.
   760 | D:1      | Found Atwoelot's General Store.
   782 | D:1      | Bought a scroll of identify for 26 gold pieces
   819 | D:1      | Reached XP level 3. HP: 19/19 MP: 1/7
   823 | D:1      | Learned a level 3 spell: Inner Flame
   968 | D:1      | Found Jepobb Ywoc's Antique Armour Shoppe.
  1285 | D:2      | Reached skill level 4 in Fire Magic
  1391 | D:2      | You pick up a book of Party Tricks and begin reading...
  1391 | D:2      | You add the spells Apportation and Alistair's Intoxication
                  | to your library.
  1461 | D:2      | Reached skill level 3 in Conjurations
  1847 | D:3      | Reached XP level 4. HP: 24/24 MP: 4/8
  1864 | D:3      | Noticed Jessica
  1870 | D:3      | Killed Jessica
  1872 | D:3      | Noticed Grinder
  1965 | D:3      | You pick up a book of the Dragon and begin reading...
  1965 | D:3      | You add the spells Cause Fear, Dragon Form and Dragon's
                  | Call to your library.
  2541 | D:3      | Reached skill level 4 in Conjurations
  2541 | D:3      | Gained mutation: Your magical nature lets you fly swiftly
                  | and evasively. [Tengu growth]
  2541 | D:3      | Reached XP level 5. HP: 15/28 MP: 5/10
  2616 | D:3      | Found an ancient bone altar of Kikubaaqudgha.
  2660 | D:3      | Killed Grinder
  2661 | D:3      | Reached skill level 3 in Spellcasting
  2661 | D:3      | Reached skill level 5 in Conjurations
  2661 | D:3      | Reached skill level 5 in Fire Magic
  2661 | D:3      | Reached XP level 6. HP: 32/32 MP: 1/11
  2772 | D:3      | Found a broken altar of Ashenzari.
  3008 | D:4      | You pick up a book of Conjurations and begin reading...
  3008 | D:4      | You add the spells Magic Dart, Searing Ray and Fulminant
                  | Prism to your library.
  3056 | D:4      | Learned a level 4 spell: Flame Wave
  3135 | D:4      | Reached XP level 7. HP: 35/36 MP: 3/13
  3306 | D:4      | Reached skill level 6 in Conjurations
  3350 | D:4      | Reached skill level 6 in Fire Magic
  3676 | D:4      | You pick up a book of Dreams and begin reading...
  3676 | D:4      | You add the spells Ensorcelled Hibernation, Spider Form and
                  | Anguish to your library.
  3818 | D:4      | Noticed Pargi
  3858 | D:3      | Killed Pargi
  4185 | D:4      | Reached skill level 7 in Conjurations
  4293 | D:5      | Entered Level 5 of the Dungeon
  4395 | D:5      | You pick up a book of Burglary and begin reading...
  4395 | D:5      | You add the spells Passwall and Swiftness to your library.
  4411 | D:5      | Reached skill level 4 in Spellcasting
  4429 | D:4      | Reached XP level 8. HP: 17/41 MP: 3/15
  4573 | D:5      | Reached skill level 7 in Fire Magic
  4837 | D:5      | Found a glowing drain.
  4846 | Sewer    | Entered a sewer
  5465 | Sewer    | Reached skill level 8 in Conjurations
  6413 | D:5      | Reached skill level 8 in Fire Magic
  6527 | D:6      | Reached skill level 9 in Conjurations
  6575 | D:5      | Reached XP level 9. HP: 38/45 MP: 5/17
  6591 | D:6      | Reached skill level 5 in Spellcasting
  6607 | D:6      | Found a sand-covered staircase.
  6622 | Ossuary  | Entered an ossuary
  7534 | D:6      | Reached skill level 10 in Conjurations
  7534 | D:6      | Reached skill level 9 in Fire Magic
  7620 | D:6      | Found a staircase to the Ecumenical Temple.
  7629 | Temple   | Entered the Ecumenical Temple
  7708 | Temple   | Became a worshipper of Vehumet
  9002 | D:7      | Found a snail-covered altar of Cheibriados.
  9072 | D:7      | Found an ornate altar of the Wu Jian Council.
  9102 | D:7      | HP: 3/45 [centaur/arrow (11)]
  9374 | D:7      | Reached * piety under Vehumet
  9374 | D:7      | Offered knowledge of Sandblast by Vehumet.
  9380 | D:7      | Reached skill level 11 in Conjurations
  9566 | D:7      | Found a hazy altar of Hepliaklqana.
  9641 | D:7      | Found a shimmering blue altar of Sif Muna.
  9647 | D:7      | Found a glowing silver altar of Zin.
  9660 | D:7      | Found a glowing golden altar of the Shining One.
  9668 | D:7      | Found an iron altar of Okawaru.
  9673 | D:7      | Found a sparkling altar of Nemelex Xobeh.
  9684 | D:7      | Found a shimmering altar of Xom.
  9739 | D:7      | Found a hide-covered altar of Uskayaw.
  9826 | D:8      | Learned a level 3 spell: Kindle Blastsparks
 10024 | D:8      | Reached skill level 10 in Fire Magic
 10085 | D:8      | You pick up a book of Iron and begin reading...
 10085 | D:8      | You add the spells Animate Armour, Blade Hands and Iron
                  | Shot to your library.
 10113 | D:8      | Found a stormy altar of Qazlal.
 10142 | D:8      | Reached XP level 10. HP: 50/50 MP: 16/19
 10186 | D:8      | Reached skill level 6 in Spellcasting
 10413 | D:9      | Found a staircase to the Lair.
 10429 | D:9      | Paralysed by a hornet for 1 turns
 10430 | D:9      | Slain by a hornet

Vanquished Creatures
  Grinder (D:3)
  A wyvern (D:7)
  2 water moccasins
  Pargi (D:3)
  A sky beast (D:6)
  3 black bears
  An ogre (D:6)
  A phantom (D:4)
  A centaur (D:7)
  4 kobold brigands
  2 necrophages
  2 bullfrogs
  A gnoll sergeant (D:7)
  3 scorpions
  3 wights
  4 killer bees (D:8)
  A howler monkey (D:7)
  A jelly (D:6)
  A centaur zombie (Ossuary)
  2 hounds
  3 human zombies (Ossuary)
  A gnoll bouda (D:5)
  6 orc priests
  Jessica (D:3)
  3 iguanas (D:5)
  6 orc wizards
  3 hound zombies (Ossuary)
  3 mummies (Ossuary)
  12 gnolls
  6 adders
  4 river rats
  A shadow imp (D:7)
  2 white imps
  An ufetubus (D:4)
  An adder zombie (Ossuary)
  2 worms
  4 dart slugs
  30 orcs
  6 ball pythons
  6 bats
  3 endoplasms
  6 giant cockroaches
  3 gnoll zombies (Ossuary)
  8 goblins
  8 hobgoblins
  A jackal (D:1)
  42 kobolds
  5 quokkas
  A frilled lizard (D:1)
  5 goblin zombies
  5 hobgoblin zombies (Ossuary)
  4 jackal zombies (Ossuary)
  A kobold zombie (Ossuary)
  An orc zombie (Ossuary)
  A quokka zombie (Ossuary)
  31 rats
  6 rat zombies
268 creatures vanquished.

Vanquished Creatures (others)
  640 foxfires
640 creatures vanquished.

Grand Total: 908 creatures vanquished

Table legend:
 A = Non-vault XP
 B = Vault XP
 C = Vault XP percentage of total XP
 D = Non-vault monster count
 E = Vault monster count
 F = Vault count percentage of total count
                 A         B        C        D         E       F
            +---------+---------+-------+---------+---------+-------
      Total |    3748 |    1317 |  26.0 |     157 |     111 |  41.4
            +---------+---------+-------+---------+---------+-------
        D:1 |      35 |       4 |  10.3 |      20 |       2 |   9.1
        D:2 |      40 |       0 |   0.0 |      15 |       0 |   0.0
        D:3 |      77 |     462 |  85.7 |      20 |       5 |  20.0
        D:4 |     359 |     196 |  35.3 |      22 |      10 |  31.2
        D:5 |     559 |      22 |   3.8 |      11 |       6 |  35.3
        D:6 |    1037 |       9 |   0.9 |      32 |       8 |  20.0
        D:7 |     938 |       0 |   0.0 |      24 |       0 |   0.0
        D:8 |     703 |       0 |   0.0 |      13 |       0 |   0.0
      Sewer |       0 |     304 | 100.0 |       0 |      45 | 100.0
    Ossuary |       0 |     320 | 100.0 |       0 |      35 | 100.0
            +---------+---------+-------+---------+---------+-------

Illustrated notes

Table legend:
 A = Kills in this place as a percentage of kills in entire the game.
 B = Kills by you in this place as a percentage of kills by you in the entire game.
 C = Kills by friends in this place as a percentage of kills by friends in the entire game.
 D = Other kills in this place as a percentage of other kills in the entire game.
 E = Experience gained in this place as a percentage of experience gained in the entire game.
 F = Experience gained in this place divided by the number of levels of this place that you have seen.
                   A       B       C       D       E      F
               +-------+-------+-------+-------+-------+----------------------
         Total | 100.0 | 100.0 |   N/A |   N/A | 100.0 | 422.1
       Dungeon |  70.1 |  70.1 |   N/A |   N/A |  87.7 | 493.4
         Sewer |  16.8 |  16.8 |   N/A |   N/A |   6.0 | 304.0
       Ossuary |  13.1 |  13.1 |   N/A |   N/A |   6.3 | 320.0
               +-------+-------+-------+-------+-------+----------------------

Table legend: (Time is in decaauts)
 A = Elapsed time spent in this place.
 B = Non-inter-level travel time spent in this place.
 C = Inter-level travel time spent in this place.
 D = Time resting spent in this place.
 E = Time spent auto-exploring this place.
 F = Levels seen in this place.
 G = Mean time per level.
                   A        B        C        D        E       F      G
               +--------+--------+--------+--------+--------+-----+--------+
         Total |  10019 |   9675 |    344 |   1006 |   6651 |  12 |  834.9 |
       Dungeon |   8339 |   8008 |    331 |    654 |   5748 |   9 |  926.6 |
        Temple |     84 |     72 |     12 |      0 |     59 |   1 |   84.0 |
         Sewer |    847 |    847 |      0 |    280 |    362 |   1 |  847.0 |
       Ossuary |    748 |    748 |      0 |     72 |    480 |   1 |  748.0 |
               +--------+--------+--------+--------+--------+-----+--------+

Top non-repeatable levels by time:
     D:6: 1430 daAuts
     D:3: 1234 daAuts
     D:4: 1158 daAuts
     D:1: 1053 daAuts
     D:7: 1050 daAuts
     D:5: 959 daAuts
     D:2: 897 daAuts
   Sewer: 847 daAuts
 Ossuary: 748 daAuts
     D:8: 516 daAuts
  Temple: 84 daAuts
     D:9: 39 daAuts
